AoeStats
← [Maturita Owner] HTB-Chan

Arabia

509872579Analyzed
1v1 RM · 3d ago on Sep 28, 2026· 30m 29s· 2 players
Game mode
Random Map
Map size
Tiny (2 player)
Population
200
Speed
Normal
Resources
Standard
Victory
Conquest
Starting age
Dark Age
Ending age
Imperial Age
RankedLock teamsTeams togetherTeam positionsShared explorationLock speedFull tech treeHidden civsTurbo modeCheats
Victory
Defeat
🇮🇳 Malay · India
582
+16
🇨🇿 Huns · Czechia
586
-16
Marshal
0:32 Loom
13:35 Feudal Age
13:10 Double-Bit Axe
14:24 Horse Collar
16:20 Gold Mining
23:02 Castle Age
[Maturita Owner] HTB-Chan
2:46 Loom
12:57 Feudal Age
13:23 Double-Bit Axe
13:18 Horse Collar
15:22 Wheelbarrow
17:38 Gold Mining
23:17 Castle Age
23:42 Bloodlines
24:11 Thumb Ring
24:09 Husbandry
24:53 Bow Saw
24:47 Heavy Plow
26:04 Hand Cart
26:41 Arson
Connection lost

Rejoining the realm…

Still unreachable

The connection could not be restored.

Session expired

The server has moved on; the page needs a fresh start.